BSA
SAN FRANCISCO BANDITS @ MAUI TROPICS
08/02/2029
 
TOP OF THE 1ST
San Francisco Bandits batting - Pitching for Maui Tropics : RHP Steve Floyd
Pitching: RHP Steve Floyd
Batting: RHB Javier Ramírez 0-0: Foul Ball, location: 2F
0-1: Called Strike
0-2: Foul Ball, location: 2F
0-2: Ball
1-2: Ball
2-2: Foul Ball, location: 2F
2-2: Ball
3-2: Strikes out looking
Batting: RHB Michael Elliott 0-0: Called Strike
0-1: Ball
1-1: Ball
2-1: Called Strike
2-2: Strikes out looking
Batting: LHB Mario García 0-0: Foul Ball, location: 2F
0-1: Ground out 4-3 (Groundball, 4)
Top of the 1st over - 0 runs, 0 hits, 0 errors, 0 left on base; San Francisco 0 - Maui 0
BOTTOM OF THE 1ST
Maui Tropics batting - Pitching for San Francisco Bandits : LHP Octávio Pérez
Pitching: LHP Octávio Pérez
Batting: LHB Don Hull 0-0: Fly out, F4 (Line Drive, 34)
Batting: LHB Dave Cook 0-0: Called Strike
0-1: Ball
1-1: Ball
2-1: SOLO HOME RUN (Line Drive, 8LXD), Distance : 419 ft
Batting: RHB Jesús Espinoza 0-0: Swinging Strike
0-1: Ball
1-1: Ball
2-1: Ball
3-1: Base on Balls
Batting: RHB José Rodríguez 0-0: Called Strike
0-1: Ball
1-1: Foul Ball, location: 2F
1-2: Foul Ball, location: 2F
1-2: Fly out, F6 (Line Drive, 6)
Batting: LHB Luis Antonio Torres 0-0: Called Strike
0-1: Foul Ball, location: 2F
0-2: Ground out 1-3 (Groundball, 13)
Bottom of the 1st over - 1 run, 1 hit, 0 errors, 1 left on base; San Francisco 0 - Maui 1
TOP OF THE 2ND
San Francisco Bandits batting - Pitching for Maui Tropics : RHP Steve Floyd
Batting: LHB Chris Austin 0-0: Ball
1-0: Called Strike
1-1: Called Strike
1-2: Reached on error, E5 (Groundball, 56S)
Batting: RHB Owen Carter 0-0: Ball
1-0: Ball
2-0: Ball
3-0: Base on Balls
Chris Austin to second
Batting: RHB Naomichi Aoki 0-0: Called Strike
0-1: Called Strike
0-2: Hit by Pitch
Chris Austin to third
Owen Carter to second
Batting: RHB Jaime Spiridon 0-0: Foul Ball, location: 2F
0-1: Ball
1-1: Fielders Choice at 2nd, 6-4 (Groundball, 6)
Chris Austin scores
Owen Carter to third
Batting: RHB Scott Merritt 0-0: Fly out, F7 (Flyball, 78XD)
Runner from 3rd tags up, SCORES, no throw
Batting: SHB Terry Dailey 0-0: Fly out, F7 (Line Drive, 78D)
Top of the 2nd over - 2 runs, 0 hits, 1 error, 1 left on base; San Francisco 2 - Maui 1
BOTTOM OF THE 2ND
Maui Tropics batting - Pitching for San Francisco Bandits : LHP Octávio Pérez
Batting: RHB Michael Woodruff 0-0: Called Strike
0-1: Ball
1-1: Swinging Strike
1-2: Strikes out swinging
Batting: LHB José Rivas 0-0: Ball
1-0: Fly out, F3 (Popup, 23F)
Batting: RHB Matt Silver 0-0: Fly out, F8 (Line Drive, 8LM)
Bottom of the 2nd over - 0 runs, 0 hits, 0 errors, 0 left on base; San Francisco 2 - Maui 1
TOP OF THE 3RD
San Francisco Bandits batting - Pitching for Maui Tropics : RHP Steve Floyd
Batting: RHB Javier Ramírez 0-0: Ball
1-0: Ball
2-0: Ball
3-0: Base on Balls
Batting: RHB Michael Elliott 0-0: Called Strike
0-1: Ball
1-1: Foul Ball, location: 2F
1-2: Strikes out swinging
Batting: LHB Mario García 0-0: Swinging Strike
0-1: Ball
1-1: Ball
2-1: Foul Ball, location: 2F
2-2: Foul Ball, location: 2F
2-2: Ball
3-2: Foul Ball, location: 2F
3-2: SINGLE (Groundball, 4MD)
Javier Ramírez to second
Runner from 2nd tries for 3rd, SAFE, no throw
Batting: LHB Chris Austin 0-0: Foul Ball, location: 2F
0-1: Ball
1-1: Foul Ball, location: 2F
1-2: Fly out, F7 (Flyball, 7)
Runner from 3rd tags up, OUT at HOME
Top of the 3rd over - 0 runs, 1 hit, 0 errors, 1 left on base; San Francisco 2 - Maui 1
BOTTOM OF THE 3RD
Maui Tropics batting - Pitching for San Francisco Bandits : LHP Octávio Pérez
Batting: RHB John Brown 0-0: Ball
1-0: Ball
2-0: Ball
3-0: Base on Balls
Batting: LHB Don Hull 0-0: Ball
1-0: Called Strike
1-1: Ball
2-1: Foul Ball, location: 2F
2-2: Foul Ball, location: 2F
2-2: Foul Ball, location: 2F
2-2: Fly out, F3 (Popup, 3L)
Batting: LHB Dave Cook 0-0: Called Strike
0-1: Ball
1-1: Swinging Strike
1-2: Ball
2-2: DOUBLE (Line Drive, 89XD)
John Brown to third
Batting: RHB Jesús Espinoza 0-0: 3-RUN HOME RUN (Flyball, 7D), Distance : 357 ft
Batting: RHB José Rodríguez 0-0: Swinging Strike
0-1: Ground out 6-3 (Groundball, 6M)
Batting: LHB Luis Antonio Torres 0-0: Called Strike
0-1: Ball
1-1: Fly out, F7 (Line Drive, 7)
Bottom of the 3rd over - 3 runs, 2 hits, 0 errors, 0 left on base; San Francisco 2 - Maui 4
TOP OF THE 4TH
San Francisco Bandits batting - Pitching for Maui Tropics : RHP Steve Floyd
Batting: RHB Owen Carter 0-0: Foul Ball, location: 2F
0-1: Foul Ball, location: 2F
0-2: Ball
1-2: Foul Ball, location: 2F
1-2: Ball
2-2: Foul Ball, location: 2F
2-2: Ground out 5-3 (Groundball, 56)
Batting: RHB Naomichi Aoki 0-0: Called Strike
0-1: Called Strike
0-2: Ground out 6-3 (Groundball, 6)
Batting: RHB Jaime Spiridon 0-0: Called Strike
0-1: Called Strike
0-2: Ball
1-2: Foul Ball, location: 2F
1-2: Ball
2-2: Foul Ball, location: 2F
2-2: Foul Ball, location: 2F
2-2: Foul Ball, location: 2F
2-2: Ball
3-2: Foul Ball, location: 2F
3-2: Fly out, F8 (Flyball, 8LD)
Top of the 4th over - 0 runs, 0 hits, 0 errors, 0 left on base; San Francisco 2 - Maui 4
BOTTOM OF THE 4TH
Maui Tropics batting - Pitching for San Francisco Bandits : LHP Octávio Pérez
Batting: RHB Michael Woodruff 0-0: Ball
1-0: Ground out 1-3 (Groundball, 13)
Batting: LHB José Rivas 0-0: Ball
1-0: Ground out U3 (Groundball, 3)
Batting: RHB Matt Silver 0-0: Ball
1-0: Bunted foul
1-1: Ground out 6-3 (Groundball, 6)
Bottom of the 4th over - 0 runs, 0 hits, 0 errors, 0 left on base; San Francisco 2 - Maui 4
TOP OF THE 5TH
San Francisco Bandits batting - Pitching for Maui Tropics : RHP Steve Floyd
Batting: RHB Scott Merritt 0-0: Called Strike
0-1: Ball
1-1: Ball
2-1: Ball
3-1: Base on Balls
Batting: SHB Terry Dailey 0-0: Swinging Strike
0-1: Ball
1-1: Swinging Strike
1-2: Ball
2-2: Strikes out swinging
Batting: RHB Javier Ramírez 0-0: Called Strike
0-1: Ball
1-1: Ball
2-1: Called Strike
2-2: Ball
3-2: Base on Balls
Scott Merritt to second
Batting: RHB Michael Elliott 0-0: Called Strike
0-1: Called Strike
0-2: Fly out, F8 (Flyball, 8RD)
Runner from 2nd tags up, SAFE at 3rd with throw
Batting: LHB Mario García 0-0: Fielders Choice at 2nd, 5-4 (Groundball, 5)
Top of the 5th over - 0 runs, 0 hits, 0 errors, 2 left on base; San Francisco 2 - Maui 4
BOTTOM OF THE 5TH
Maui Tropics batting - Pitching for San Francisco Bandits : LHP Octávio Pérez
Batting: RHB John Brown 0-0: Ball
1-0: Ball
2-0: Ball
3-0: Swinging Strike
3-1: Fly out, F6 (Line Drive, 6)
Batting: LHB Don Hull 0-0: SINGLE (Groundball, 25) (infield hit)
Batting: LHB Dave Cook 0-0: Ball
1-0: SINGLE (Line Drive, 78S)
Don Hull to second
Throwing error, E7
Don Hull scores
Dave Cook to second
Batting: RHB Jesús Espinoza 0-0: Ball
1-0: Ball
2-0: Ball
3-0: Called Strike
3-1: Called Strike
3-2: Fly out, F9 (Flyball, 9D)
Runner from 2nd tags up, SAFE at 3rd, no throw
Batting: RHB José Rodríguez 0-0: Ball
1-0: Ground out 4-3 (Groundball, 34)
Bottom of the 5th over - 1 run, 2 hits, 1 error, 1 left on base; San Francisco 2 - Maui 5
TOP OF THE 6TH
San Francisco Bandits batting - Pitching for Maui Tropics : RHP Steve Floyd
Batting: LHB Chris Austin 0-0: Ball
1-0: Foul Ball, location: 2F
1-1: Reached on error, E5 (Groundball, 56)
Pitching: RHP Manny Benavides
Batting: RHB Owen Carter 0-0: Ball
Wild Pitch!
Chris Austin to third
1-0: Called Strike
1-1: Swinging Strike
1-2: Strikes out looking
Batting: RHB Naomichi Aoki 0-0: 2-RUN HOME RUN (Flyball, 78XD), Distance : 392 ft
Batting: RHB Jaime Spiridon 0-0: Called Strike
0-1: Ball
1-1: Swinging Strike
1-2: Ball
2-2: Strikes out swinging
Batting: RHB Scott Merritt 0-0: Ground out 4-3 (Groundball, 4)
Top of the 6th over - 2 runs, 1 hit, 1 error, 0 left on base; San Francisco 4 - Maui 5
BOTTOM OF THE 6TH
Maui Tropics batting - Pitching for San Francisco Bandits : LHP Octávio Pérez
Batting: LHB Luis Antonio Torres 0-0: Called Strike
0-1: Called Strike
0-2: Ball
1-2: SINGLE (Groundball, 4MD)
Batting: RHB Michael Woodruff 0-0: Called Strike
0-1: Ball
1-1: Ball
2-1: Foul Ball, location: 2F
2-2: Foul Ball, location: 2F
2-2: Foul Ball, location: 2F
2-2: Foul Ball, location: 2F
2-2: Foul Ball, location: 2F
2-2: Ball
3-2: Base on Balls
Luis Antonio Torres to second
Batting: LHB José Rivas 0-0: Ball
1-0: Swinging Strike
1-1: Foul Ball, location: 2F
1-2: Ball
2-2: Foul Ball, location: 2F
2-2: Foul Ball, location: 2F
2-2: Ball
3-2: SINGLE (Line Drive, 78S)
Luis Antonio Torres to third
Michael Woodruff to second
Pitching: RHP Alfonso Martínez
Batting: RHB Matt Silver 0-0: Called Strike
0-1: Fly out, F6 (Popup, P)
Batting: RHB John Brown 0-0: Fly out, F4 (Popup, 34)
Batting: LHB Don Hull 0-0: Ball
1-0: Ball
2-0: Foul Ball, location: 2F
2-1: Ball
3-1: Foul Ball, location: 2F
3-2: Base on Balls
Luis Antonio Torres scores
Michael Woodruff to third
José Rivas to second
Batting: LHB Dave Cook 0-0: Called Strike
0-1: Foul Ball, location: 2F
0-2: Ball
1-2: Ball
2-2: Foul Ball, location: 2F
2-2: SINGLE (Line Drive, 4M)
Michael Woodruff scores
José Rivas to third
Don Hull to second
Runner from 3rd tries for Home, SAFE, no throw
Batting: RHB Jesús Espinoza 0-0: Called Strike
0-1: Ball
1-1: Swinging Strike
1-2: Foul Ball, location: 2F
1-2: Ball
2-2: Ball
3-2: Foul Ball, location: 2F
3-2: Foul Ball, location: 2F
3-2: Foul Ball, location: 2F
3-2: Strikes out swinging
Bottom of the 6th over - 3 runs, 3 hits, 0 errors, 2 left on base; San Francisco 4 - Maui 8
TOP OF THE 7TH
San Francisco Bandits batting - Pitching for Maui Tropics : RHP Manny Benavides
Batting: SHB Terry Dailey 0-0: Ball
1-0: Ball
2-0: Foul Ball, location: 2F
2-1: Ball
3-1: Foul Ball, location: 2F
3-2: Base on Balls
Batting: RHB Javier Ramírez 0-0: Called Strike
0-1: Foul Ball, location: 2F
0-2: Foul Ball, location: 2F
0-2: Ball
1-2: Foul Ball, location: 2F
1-2: Ball
2-2: DOUBLE (Line Drive, 89D)
Terry Dailey to third
Runner from 3rd tries for Home, SAFE, no throw
Pitching: RHP Ernest Elliott
Batting: RHB Michael Elliott 0-0: Called Strike
0-1: Ball
1-1: Called Strike
1-2: Strikes out swinging
Batting: LHB Mario García 0-0: Ball
1-0: Swinging Strike
1-1: Called Strike
1-2: Strikes out swinging
Batting: LHB Chris Austin 0-0: Swinging Strike
0-1: Foul Ball, location: 2F
0-2: Strikes out looking
Top of the 7th over - 1 run, 1 hit, 0 errors, 1 left on base; San Francisco 5 - Maui 8
BOTTOM OF THE 7TH
Maui Tropics batting - Pitching for San Francisco Bandits : RHP Alfonso Martínez
Batting: RHB José Rodríguez 0-0: Ball
1-0: Called Strike
1-1: Ball
2-1: Ground out 5-3 (Groundball, 56)
Batting: LHB Luis Antonio Torres 0-0: Reached on error, E7 (Flyball, 78D)
Batting: RHB Michael Woodruff 0-0: Ball
1-0: Called Strike
1-1: Ball
2-1: Called Strike
2-2: Ball
3-2: Foul Ball, location: 2F
3-2: Strikes out swinging
Pitching: RHP Carlos Ledezma
Batting: LHB José Rivas 0-0: Ground out 4-3 (Groundball, 4)
Bottom of the 7th over - 0 runs, 0 hits, 1 error, 1 left on base; San Francisco 5 - Maui 8
TOP OF THE 8TH
San Francisco Bandits batting - Pitching for Maui Tropics : RHP Ernest Elliott
Batting: RHB Owen Carter 0-0: Called Strike
0-1: Foul Ball, location: 2F
0-2: Ball
1-2: Ball
2-2: SINGLE (Line Drive, 6MD)
Batting: RHB Naomichi Aoki 0-0: Ball
1-0: Foul Ball, location: 2F
1-1: Called Strike
1-2: Ball
2-2: Fly out, F9 (Flyball, 9S)
Batting: RHB Jaime Spiridon 0-0: Foul Ball, location: 2F
0-1: Fielders Choice at 2nd, 1-4 (Groundball, 15)
Batting: RHB Scott Merritt 0-0: TRIPLE (Line Drive, 9LD)
Jaime Spiridon scores
Batting: SHB Terry Dailey 0-0: Called Strike
0-1: Ball
1-1: Foul Ball, location: 2F
1-2: Ball
2-2: SINGLE (Groundball, 4MD)
Scott Merritt scores
Pitching: RHP Denny Green
Batting: RHB Javier Ramírez 0-0: Called Strike
0-1: Ball
1-1: Foul Ball, location: 2F
1-2: Ground out 4-3 (Groundball, 34)
Top of the 8th over - 2 runs, 3 hits, 0 errors, 1 left on base; San Francisco 7 - Maui 8
BOTTOM OF THE 8TH
Maui Tropics batting - Pitching for San Francisco Bandits : RHP Carlos Ledezma
Batting: RHB Matt Silver 0-0: Ball
1-0: SINGLE (Groundball, 56D)
Batting: RHB John Brown 0-0: Bunted foul
0-1: Ball
1-1: Bunted foul
1-2: Ball
2-2: Strikes out looking
Batting: LHB Don Hull 0-0: Ball
1-0: Ball
2-0: Called Strike
2-1: Ball
3-1: Called Strike
3-2: Base on Balls
Matt Silver to second
Batting: LHB Dave Cook 0-0: Ball
Matt Silver steals 3rd base
1-0: Ball
2-0: Called Strike
2-1: Foul Ball, location: 2F
2-2: Ball
3-2: SINGLE (Groundball, 34D)
Matt Silver scores
Don Hull to second
Runner from 2nd tries for 3rd, SAFE, throw made to third
Batting: RHB Jesús Espinoza 0-0: Ball
1-0: Ball
2-0: Ball
3-0: Called Strike
3-1: Base on Balls
Dave Cook to second
Batting: RHB José Rodríguez 0-0: Swinging Strike
0-1: Called Strike
0-2: Fly out, F8 (Flyball, 8RXD)
Runner from 3rd tags up, SCORES, no throw
Batting: LHB Luis Antonio Torres 0-0: Swinging Strike
0-1: Called Strike
0-2: Strikes out looking
Bottom of the 8th over - 2 runs, 2 hits, 0 errors, 2 left on base; San Francisco 7 - Maui 10
TOP OF THE 9TH
San Francisco Bandits batting - Pitching for Maui Tropics : RHP Denny Green
Pitching: LHP Kent Robinson
Batting: RHB Michael Elliott 0-0: Ground out 6-3 (Groundball, 6)
Batting: LHB Mario García 0-0: Called Strike
0-1: Ball
1-1: Ball
2-1: Swinging Strike
2-2: Foul Ball, location: 2F
2-2: Strikes out swinging
Batting: LHB Chris Austin 0-0: Ground out 3-1 (Groundball, 34S)
Top of the 9th over - 0 runs, 0 hits, 0 errors, 0 left on base; San Francisco 7 - Maui 10
Saturday, December 16th, 2017 - OOTP Baseball 18.8 Build 76